 Dungeon Crawl Stone Soup version 0.27.1-34-g3ba077fa99 (webtiles) character file.

Game seed: 7441569843679060512

16 iwittbrodt the Shooter (level 2, 0/17 HPs)
             Began as a Deep Elf Hunter on Jan 21, 2022.
             Succumbed to a hobgoblin's poison
             ... on level 1 of the Dungeon.
             The game lasted 00:03:53 (835 turns).

iwittbrodt the Shooter (Deep Elf Hunter)             Turns: 835, Time: 00:03:53

Health: 0/17       AC:  3    Str:  9    XL:     2   Next: 41%
Magic:  4/4        EV: 12    Int: 15    God:
Gold:   24         SH:  0    Dex: 15    Spells: 1/1 levels left

rFire    x . .     SeeInvis .   b - +0 short sword
rCold    + . .     Faith    .   (no shield)
rNeg     . . .     Spirit   .   c - +0 leather armour
rPois    .         Reflect  .   (no helmet)
rElec    .         Harm     .   (no cloak)
rCorr    .         Rampage  .   (no gloves)
Will     .....                  (no boots)
Stlth    ++........             (no amulet)
HPRegen  0.05/turn              h - ring of ice
MPRegen  0.09/turn              (no ring)

@: lethally poisoned (0 -> -13)
A: no striking features
a: no special abilities


You were on level 1 of the Dungeon.
You visited 1 branch of the dungeon, and saw 1 of its levels.

You collected 24 gold pieces.

Inventory:

Hand Weapons
 a - a +1 shortbow
 b - a +0 short sword (weapon)
Missiles
 d - 12 arrows
 g - 34 stones (quivered)
Armour
 c - a +0 leather armour (worn)
Jewellery
 h - a ring of ice (left hand)
Scrolls
 e - a scroll of amnesia {unknown}
Potions
 f - 2 potions of curing {unknown}
 i - a potion of heal wounds {unknown}
 j - a potion of lignification {unknown}


   Skills:
 + Level 1.8 Fighting
 * Level 5.7 Bows
 + Level 2.7 Dodging
 + Level 1.8 Stealth


You had one spell level left.
You didn't know any spells.
Your spell library contained the following spells:

 Spells                   Type           Power      Damage    Failure   Level
 Gell's Gravitas          Tloc           0%         N/A       75%         3
 Lesser Beckoning         Tloc           0%         N/A       75%         3
 Teleport Other           Tloc           0%         N/A       75%         3


Dungeon Overview and Level Annotations

Branches:
Dungeon (1/15)

Altars:


Message History

The frilled lizard bites you but does no damage.
You miss the frilled lizard.
The frilled lizard is heavily wounded.
The frilled lizard misses you.
You completely miss the frilled lizard.
The frilled lizard is heavily wounded.
The frilled lizard bites you.
You miss the frilled lizard.
The frilled lizard is heavily wounded.
The frilled lizard closely misses you.
You hit the frilled lizard but do no damage.
The frilled lizard is heavily wounded.
The frilled lizard bites you.
You barely miss the frilled lizard.
The frilled lizard is heavily wounded.
The frilled lizard barely misses you.
You hit the frilled lizard.
You kill the frilled lizard!
You start resting.
HP restored.
j - a glowing red potion
Things that are here:
a jackal corpse; a jackal corpse A hobgoblin comes into view.
The hobgoblin shouts!
A hobgoblin comes into view. It is wielding a +2 dagger of venom.
The hobgoblin shouts!
You hit the hobgoblin.
You kill the hobgoblin!
The hobgoblin hits you with a +2 dagger of venom.
You hit the hobgoblin but do no damage. The hobgoblin barely misses you.
The hobgoblin hits you with a +2 dagger of venom.
You are lethally poisoned!
You closely miss the hobgoblin.
* * * LOW HITPOINT WARNING * * *
You feel very sick. The hobgoblin barely misses you.
You hit the hobgoblin.
The hobgoblin is moderately wounded.
You die...

.# #... ..#
.########.#####.#
.............##.##
.########.##.....#
.# #.#####..# ##
#........#
########.####
#.....# ## #.@##.#
.. #.g# # .. #...
#### #.... ≈≈≈##
#.#... ....## #.
...# ..<..# #.
...# ....## #.
...# ≈≈≈##


You could see a hobgoblin.

Vanquished Creatures
  2 bats (D:1)
  A giant cockroach (D:1)
  A hobgoblin (D:1)
  3 jackals (D:1)
  2 kobolds (D:1)
  A ball python (D:1)
  A frilled lizard (D:1)
  3 goblins (D:1)
  A rat (D:1)
15 creatures vanquished.

Notes
Turn   | Place    | Note
-------+----------+-------------------------------------------
     0 | D:1      | iwittbrodt the Deep Elf Hunter began the quest for the Orb.
     0 | D:1      | Reached XP level 1. HP: 12/12 MP: 3/3
   481 | D:1      | Reached XP level 2. HP: 17/17 MP: 4/4
   835 | D:1      | Succumbed to a hobgoblin's poison

Illustrated notes

Levels and vault maps discovered:
D:1:      wander_arrival_chamber, layout_loops_cross

Action                   || total
-------------------------++-------
Melee: Short sword       ||    16
 Fire: Shortbow          ||    45
Armor: Leather armour    ||     8
Dodge: Dodged            ||    18
